 Dungeon Crawl Stone Soup version 0.27.1-3-gb3d3a73c9e (webtiles) character file.

Game seed: 5418210052490658321

229 Gabide the Charlatan (level 6, -3/39 HPs)
             Began as a Human Artificer on Oct 29, 2021.
             Was a Believer of Hepliaklqana.
             Slain by Sopaderocas's ghost (6 damage)
             ... on level 3 of the Dungeon.
             The game lasted 00:06:51 (3468 turns).

Gabide the Charlatan (Human Artificer)              Turns: 3468, Time: 00:06:52

Health: -3/39      AC:  8    Str: 13    XL:     6   Next: 23%
Magic:  6/6        EV: 16    Int: 12    God:    Hepliaklqana [**....]
Gold:   187        SH:  0    Dex: 14    Spells: 5/5 levels left

rFire    . . .     SeeInvis .   j - +0 quarterstaff
rCold    . . .     Faith    .   (shield currently unavailable)
rNeg     . . .     Spirit   .   l - +1 leather armour {rPois}
rPois    +         Reflect  .   (no helmet)
rElec    .         Harm     .   (no cloak)
rCorr    .         Rampage  .   (no gloves)
Will     .....                  (no boots)
Stlth    ++........             (no amulet)
HPRegen  0.13/turn              f - +4 ring of evasion
MPRegen  0.10/turn              h - +4 ring of protection

@: no status effects
A: reduced essence
a: Renounce Religion, Recall Ancestor, Ancestor Identity


You were on level 3 of the Dungeon.
You worshipped Hepliaklqana.
Hepliaklqana was pleased with you.
You visited 1 branch of the dungeon, and saw 3 of its levels.

You collected 187 gold pieces.

Inventory:

Hand Weapons
 j - a +0 quarterstaff (weapon)
 m - a +2 dagger of venom
Armour
 l - a +1 leather armour of poison resistance (worn)
Jewellery
 f - a +4 ring of evasion (left hand)
 h - a +4 ring of protection (right hand)
 k - a ring of wizardry
Wands
 c - a wand of flame (9) (quivered)
 d - a wand of charming (15)
Scrolls
 a - a scroll of identify
Potions
 g - 2 potions of lignification
Miscellaneous
 e - a piece from Xom's chessboard (14/15)


   Skills:
 + Level 2.2 Fighting
 - Level 1.8(2.4) Maces & Flails
 * Level 2.2(2.6) Staves
 + Level 2.9 Armour
 * Level 2.6 Dodging
 * Level 1.3 Stealth
 + Level 3.6 Evocations


You had 5 spell levels left.
You didn't know any spells.
Your spell library contained the following spells:

 Spells                   Type           Power      Damage    Failure   Level
 Corpse Rot               Necr/Air       N/A        N/A       54%         2
 Dispel Undead            Necr           0%         3d6       99%         4
 Death Channel            Necr           0%         N/A       100%        6


Dungeon Overview and Level Annotations

Branches:
Dungeon (3/15)

Altars:
Hepliaklqana
Nemelex Xobeh
Beogh

Shops:
D:1 =

Annotations:
D:3 Sopaderocas's ghost, amateur DDNe


Message History

Edmée closely misses Sopaderocas's ghost.
Sopaderocas's ghost hits Edmée.
The orc closely misses Edmée.
Edmée closely misses Sopaderocas's ghost.
Sopaderocas's ghost shrieks, "You will join me soon!"
Edmée has departed this plane of existence.
You start resting.
You flicker for a moment.
You start resting.
You flicker back into view.
You start resting.
Your magical contamination has completely faded away.
You start resting.
Sopaderocas's ghost is nearby!
Edmée emerges from the mists of memory!
Edmée hits Sopaderocas's ghost with a +0 flail.
What are your orders? t - Shout!
Orders for allies: a - Attack new target. r - Retreat! s - Stop attacking. g - Guard the area. f - Follow me.
Anything else - Cancel.
Gang up on whom?
Press: ? - help, Dir - move target, f - Sopaderocas's ghost
Aim: Sopaderocas's ghost (lightly damaged, ally target) Attack!
You hit Sopaderocas's ghost.
Sopaderocas's ghost is lightly damaged.
Sopaderocas's ghost hits you but does no damage.
Edmée hits Sopaderocas's ghost with a +0 flail!
You barely miss Sopaderocas's ghost.
Sopaderocas's ghost is moderately damaged.
Sopaderocas's ghost casts a spell at you.
Pain shoots through your body!
* * * LOW HITPOINT WARNING * * *
Edmée hits Sopaderocas's ghost with a +0 flail.
Okay, then.
You make a move on Xom's chessboard...
Sopaderocas's ghost seems to speed up.
Sopaderocas's ghost hits you.
You die...

## ######8# # 8 ....#.#
#########.#### # .##..#.#
#.R..........## ## .8#..#.#
#W###..#####..# .## #..#.#
#@##..........# ..#.
#.#.#####.##.#######..#
..#?...#.'.R.W......#.....#..#
..#_.8.#)))o######..#.....#.##
.##[...#.).## ##.'.._..#.# ##
.. #.#.# ##.#.....#.# # #!.#.#
#..#.....#.# # 8#..#.#
#..#######.# # .##..#.#
#..........#


You could see the friendly Edmée the knight and Sopaderocas's ghost (fast, ally
target).

Vanquished Creatures
  Robin (D:3)
  3 gnolls (D:3)
  An adder (D:3)
  A worm (D:3)
  A dart slug (D:1)
  4 orcs (D:3)
  4 bats
  4 endoplasms
  4 giant cockroaches
  14 goblins
  7 hobgoblins
  5 jackals (D:1)
  4 kobolds
  A quokka (D:1)
  4 ball pythons
  A frilled lizard (D:1)
  A rat (D:1)
60 creatures vanquished.

Vanquished Creatures (collateral kills)
  2 orc priests (D:3)
  2 adders (D:2)
  A dart slug (D:2)
  6 orcs (D:3)
  A goblin (D:2)
  2 quokkas (D:2)
  2 ball pythons (D:2)
  A frilled lizard (D:2)
  A rat (D:2)
18 creatures vanquished.

Vanquished Creatures (others)
  A knight (D:3)
  2 orcs (D:3)
3 creatures vanquished.

Grand Total: 81 creatures vanquished

Notes
Turn   | Place    | Note
-------+----------+-------------------------------------------
     0 | D:1      | Gabide the Human Artificer began the quest for the Orb.
     0 | D:1      | Reached XP level 1. HP: 15/15 MP: 1/1
    79 | D:1      | Found Rymeh's Jewellery Shop.
   158 | D:1      | Reached XP level 2. HP: 19/21 MP: 2/2
   324 | D:1      | Found a faded altar of an unknown god.
   507 | D:1      | Reached XP level 3. HP: 22/26 MP: 3/3
  1239 | D:1      | Became a worshipper of Hepliaklqana the Forgotten
  1239 | D:1      | Reached * piety under Hepliaklqana
  1302 | D:2      | Reached skill level 1 in Maces & Flails
  1559 | D:2      | Reached XP level 4. HP: 28/28 MP: 4/4
  1903 | D:2      | Reached ** piety under Hepliaklqana
  1908 | D:2      | Remembered your ancestor Edmée as a knight
  2346 | D:3      | Reached XP level 5. HP: 3/34 MP: 5/5
  2698 | D:3      | Noticed Robin
  2708 | D:3      | Killed Robin
  2709 | D:3      | Reached skill level 1 in Staves
  3249 | D:3      | Reached XP level 6. HP: 30/39 MP: 6/6
  3337 | D:3      | Found a sparkling altar of Nemelex Xobeh.
  3372 | D:3      | Found a runed translucent gate.
  3372 | D:3      | Found a runed translucent gate.
  3374 | D:3      | Found a runed translucent gate.
  3375 | D:3      | Identified the +3 chain mail of Elyvilon's Hope {rF+
                  | Stlth+}
  3378 | D:3      | Noticed Sopaderocas's ghost (amateur DDNe)
  3468 | D:3      | Slain by Sopaderocas's ghost

Illustrated notes

Levels and vault maps discovered:
D:1:      dpeg_arrival_water_temple_mockup, layout_loops_ring,
          shapermc_ecumenical_altar_mp_ritualfount, serial_shops, shop
D:2:      minmay_spotlight, layout_basic
D:3:      layout_loops_ring, amcnicky_altar_gilded, biasface_ghost_orc_armoury,
          uniq_robin, uniq_ijyb

Skill      XL: |  1  2  3  4  5  6 |
---------------+-------------------+-----
Maces & Flails | 1 |  1.8
Dodging        | 2 |  2.6
Fighting       | 2 |  2.2
Staves         | 1 2 |  2.2
Armour         | |  2.9
Stealth        | |  1.3
Evocations     | |  3.6

Action                   |  1- 3 |  4- 6 || total
-------------------------+-------+-------++-------
Melee: Club              |   111 |    28 ||   139
       Quarterstaff      |       |    91 ||    91
Invok: Ancestor Identity |     1 |       ||     1
       Ancestor Life: Kn |       |     1 ||     1
Evoke: Wand              |       |     6 ||     6
       Piece from Xom's  |       |     1 ||     1
  Use: Scroll            |     1 |     3 ||     4
       Potion            |       |     1 ||     1
 Stab: Sleeping          |     4 |       ||     4
Armor: Leather armour    |    34 |    24 ||    58
Dodge: Dodged            |   102 |    95 ||   197
